Tamiflu vs Knights
Created - 1 novembre 2014 at 22:00
Goals
|
Tamiflu |
2 |
0 |
0 |
2 |
Knights |
1 |
1 |
3 |
5 |
|
Shots
|
Tamiflu |
14 |
10 |
16 |
40 |
Knights |
21 |
7 |
10 |
38 |
|
1st period
1. Tamiflu , Jonathan Sigalet 2 (Alex Picard, Nate Thompson) at 0:47 (PP)
2. Tamiflu , Nate Thompson 9 (Alex Picard, Jonathan Sigalet) at 10:37
3. Knights , Gustav Nyquist 9 (Marco Scandella, Garnet Exelby) at 18:10
Penalties :
Gustav Nyquist (Lon) for Boarding (Minor) at 0:40
2nd period
4. Knights , Alex Chiasson 7 (Nathan Gerbe, Chris Thorburn) at 3:48
Penalties :
Jonathan Sigalet (Det) for Roughing (Minor) at 4:04
3rd period
5. Knights , Zbynek Michalek 1 (Gustav Nyquist, Joe Colborne) at 9:14
6. Knights , Zack Hamill 8 (Chris Thorburn, Kyle Greentree) at 14:30
7. Knights , Chris Thorburn 11 (Garnet Exelby, Zack Hamill) at 17:11
Penalties :
Nathan Oystrick (Det) for High sticking (Minor) at 17:14, Chris Thorburn (Lon) for Hooking (Minor) at 17:41
Goalie Stats
Mike McKenna (Det), 33 saves from 38 shots - (0,868), L, 7-4-1, 60:00 minutes
Dany Sabourin (Lon), 38 saves from 40 shots - (0,950), W, 6-3-0, 60:00 minutes
Players Stats for Tamiflu
Player Name G A P +/- PIM S H SB GA TA FO MP PP MP PK MP
------------------------------------------------------------------------------------
Adam Henrique 0 0 0 -2 0 3 1 0 1 0 1/4 12:35 0:00 0:00
Alex Picard 0 2 2 0 0 3 1 0 0 0 1/2 19:49 0:11 1:27
Carson Mcmillan 0 0 0 0 0 2 1 1 1 0 2/3 18:13 0:07 0:30
Casey Wellman 0 0 0 0 0 0 0 0 0 0 0/0 0:00 0:00 0:00
Cody Goloubef 0 0 0 -1 0 0 1 0 0 1 0/0 14:29 0:00 0:00
Colin Greening 0 0 0 0 0 0 2 0 0 0 0/1 9:00 0:00 0:00
Garrett Wilson 0 0 0 0 0 3 2 0 0 0 0/0 9:34 0:00 0:29
Greg Mauldin 0 0 0 -2 0 2 2 0 1 1 5/14 18:02 0:23 0:30
Jan Mursak 0 0 0 -2 0 0 2 0 0 0 0/0 17:13 0:23 0:00
Jonathan Sigalet 1 1 2 0 2 8 0 0 0 1 0/0 25:46 0:16 0:27
Kyle Lawson 0 0 0 -3 0 0 1 1 1 1 0/0 19:48 0:18 0:54
Mattias Tedenby 0 0 0 0 0 6 0 0 1 0 0/0 9:34 0:00 0:29
Mike Duco 0 0 0 -2 0 2 5 0 1 0 0/0 12:35 0:00 0:00
Nate Thompson 1 1 2 0 0 4 4 1 1 1 18/32 19:49 0:11 1:27
Nathan Oystrick 0 0 0 1 2 0 3 2 0 0 0/0 20:09 0:20 1:05
Petr Pohl 0 0 0 -2 0 3 3 1 0 2 1/1 17:13 0:23 0:00
Philip Samuelsson 0 0 0 -3 0 2 1 0 0 0 0/0 18:47 0:18 0:33
Philippe Dupuis 0 0 0 0 0 0 0 0 0 0 0/0 0:00 0:00 0:00
Rich Clune 0 0 0 -2 0 1 1 0 0 0 0/1 12:16 0:00 0:00
Stefan Elliott 0 0 0 -1 0 0 0 0 0 1 0/0 15:14 0:00 1:20
Teigan Zahn 0 0 0 -1 0 1 2 0 0 0 0/0 5:54 0:00 0:33
Players Stats for Knights
Player Name G A P +/- PIM S H SB GA TA FO MP PP MP PK MP
------------------------------------------------------------------------------------
A.J. Jenks 0 0 0 0 0 0 1 1 0 0 1/1 9:24 0:00 0:00
Aaron Palushaj 0 0 0 0 0 0 0 0 0 0 0/0 9:24 0:00 0:00
Alex Chiasson 1 0 1 0 0 4 4 0 0 0 2/4 17:10 1:34 0:00
Chris Thorburn 1 2 3 2 2 5 2 0 1 1 1/1 18:52 0:51 0:07
Eric Gelinas 0 0 0 2 0 0 1 1 1 0 0/0 23:42 1:44 0:17
Garnet Exelby 0 2 2 1 0 2 0 1 1 0 0/0 19:43 0:00 0:00
Gustav Nyquist 1 1 2 2 2 3 0 0 1 0 1/1 13:47 0:00 0:10
James Wright 0 0 0 0 0 1 2 0 0 1 6/18 17:08 0:52 0:33
Joe Colborne 0 1 1 2 0 2 2 0 0 0 3/6 12:34 0:00 0:00
Kyle Greentree 0 1 1 2 0 3 1 0 1 0 1/1 18:14 0:00 0:14
Marco Scandella 0 1 1 1 0 1 2 3 2 0 0/0 20:49 1:44 0:17
Michael Raffl 0 0 0 2 0 0 1 0 0 0 1/1 14:12 0:52 0:04
Nathan Gerbe 0 1 1 0 0 6 2 0 0 1 0/2 17:10 1:34 0:00
Nicklas Grossman 0 0 0 1 0 0 0 1 1 2 0/0 14:13 0:00 0:00
Philip Varone 0 0 0 0 0 1 0 0 0 0 0/0 9:56 0:00 0:00
Tomas Kundratek 0 0 0 1 0 2 4 0 0 1 0/0 16:00 0:42 0:01
Zack Hamill 1 1 2 2 0 3 3 1 0 1 14/23 20:01 1:34 0:00
Zbynek Michalek 1 0 1 2 0 5 1 1 0 0 0/0 25:33 0:42 0:33
3 Stars
1 - Zack Hamill (Lon)
2 - Chris Thorburn (Lon)
3 - Nate Thompson (Det)
Power Play
Tamiflu - 1 on 2 Attempt(s) - 50,00%
Knights - 0 on 2 Attempt(s) - 0,00%
Penalty Kill
Tamiflu - 2 on 2 Attempt(s) - 100,00%
- Score 0 goal in Penalty Kill
Knights - 1 on 2 Attempt(s) - 50,00%
- Score 0 goal in Penalty Kill
Official
Referees : Kowal Tom and O'Rourke Dan
Linesman : Vaughan Rody and Steve Barton
Game Notes
No Game Note
Finance
Level 1 -- Attendance: 1489 (74,45%) -- Ticket Income 52 115 $
Level 2 -- Attendance: 711 (71,10%) -- Ticket Income 14 220 $
Total Attendance: 2200 (73,33%)
Total Ticket Income: 66 335 $
Other Income: 3 317 $
Total Income: 69 652 $
Tamiflu
5 vs 5 Forward
Center Left Wing Right Wing Time % Phy DF OF
1 Nate Thompson Alex Picard Carson Mcmillan 40 1 2 2
2 Greg Mauldin Jan Mursak Petr Pohl 30 1 2 2
3 Adam Henrique Rich Clune Mike Duco 20 1 2 2
4 Colin Greening Garrett Wilson Mattias Tedenby 10 1 2 2
5 vs 5 Defense
Defense Defense Time % Phy DF OF
1 Jonathan Sigalet Nathan Oystrick 40 1 2 2
2 Philip Samuelsson Kyle Lawson 30 1 2 2
3 Cody Goloubef Stefan Elliott 20 1 2 2
4 Teigan Zahn Jonathan Sigalet 10 1 2 2
PowerPlay Forward
Center Left Wing Right Wing Time % Phy DF OF
1 Nate Thompson Alex Picard Carson Mcmillan 60 1 2 2
2 Greg Mauldin Jan Mursak Petr Pohl 40 1 2 2
PowerPlay Defense
Defense Defense Time % Phy DF OF
1 Jonathan Sigalet Nathan Oystrick 60 1 2 2
2 Philip Samuelsson Kyle Lawson 40 1 2 2
Penalty Kill 4 Players Forward
Center Wing Time % Phy DF OF
1 Nate Thompson Alex Picard 60 1 2 2
2 Greg Mauldin Carson Mcmillan 40 1 2 2
Penalty Kill 4 Players Defense
Defense Defense Time % Phy DF OF
1 Jonathan Sigalet Nathan Oystrick 60 1 2 2
2 Philip Samuelsson Kyle Lawson 40 1 2 2
Penalty Kill - 3 Players Forward
Forward Time % Phy DF OF
1 Nate Thompson 60 1 2 2
2 Alex Picard 40 1 2 2
Penalty Kill - 3 Players Defense
Defense Defense Time % Phy DF OF
1 Jonathan Sigalet Nathan Oystrick 60 1 2 2
2 Philip Samuelsson Kyle Lawson 40 1 2 2
4 vs 4 Forward
Center Wing Time % Phy DF OF
1 Nate Thompson Alex Picard 60 1 2 2
2 Greg Mauldin Carson Mcmillan 40 1 2 2
4 vs 4 Defense
Defense Defense Time % Phy DF OF
1 Jonathan Sigalet Nathan Oystrick 60 1 2 2
2 Philip Samuelsson Kyle Lawson 40 1 2 2
Last Minutes Offensive
Center Left Wing Right Wing Defense Defense
Nate Thompson Alex Picard Carson Mcmillan Jonathan Sigalet Nathan Oystrick
Last Minutes Defensive
Center Left Wing Right Wing Defense Defense
Nate Thompson Alex Picard Carson Mcmillan Jonathan Sigalet Nathan Oystrick
Goaltenders
Starting : Mike McKenna
Backup : Thomas Greiss
Extra Forwards
Normal : Adam Henrique, Mike Duco, Mattias Tedenby - PP : Adam Henrique, Mike Duco - PK : Mattias Tedenby
Extra Defensemen
Normal : Cody Goloubef, Stefan Elliott, Teigan Zahn - PP : Cody Goloubef - PK : Stefan Elliott, Teigan Zahn
Penalty Shots
Nate Thompson, Alex Picard, Greg Mauldin, Carson Mcmillan, Petr Pohl
Knights
5 vs 5 Forward
Center Left Wing Right Wing Time % Phy DF OF
1 Zack Hamill Kyle Greentree Chris Thorburn 36 1 2 2
2 James Wright Nathan Gerbe Alex Chiasson 33 1 2 2
3 Joe Colborne Michael Raffl Gustav Nyquist 22 1 2 2
4 Philip Varone A.J. Jenks Aaron Palushaj 9 1 2 2
5 vs 5 Defense
Defense Defense Time % Phy DF OF
1 Zbynek Michalek Eric Gelinas 40 1 2 2
2 Garnet Exelby Marco Scandella 30 1 2 2
3 Nicklas Grossman Tomas Kundratek 20 1 2 2
4 Zbynek Michalek Garnet Exelby 10 1 2 2
PowerPlay Forward
Center Left Wing Right Wing Time % Phy DF OF
1 Zack Hamill Nathan Gerbe Alex Chiasson 60 1 1 3
2 James Wright Michael Raffl Chris Thorburn 40 1 1 3
PowerPlay Defense
Defense Defense Time % Phy DF OF
1 Eric Gelinas Marco Scandella 60 1 1 3
2 Zbynek Michalek Tomas Kundratek 40 1 1 3
Penalty Kill 4 Players Forward
Center Wing Time % Phy DF OF
1 James Wright Chris Thorburn 60 1 3 1
2 Gustav Nyquist Zack Hamill 40 1 3 1
Penalty Kill 4 Players Defense
Defense Defense Time % Phy DF OF
1 Zbynek Michalek Marco Scandella 60 1 2 2
2 Eric Gelinas Tomas Kundratek 40 1 3 1
Penalty Kill - 3 Players Forward
Forward Time % Phy DF OF
1 Gustav Nyquist 60 0 4 1
2 Zack Hamill 40 0 4 1
Penalty Kill - 3 Players Defense
Defense Defense Time % Phy DF OF
1 Zbynek Michalek Marco Scandella 60 1 4 0
2 Eric Gelinas Tomas Kundratek 40 1 4 0
4 vs 4 Forward
Center Wing Time % Phy DF OF
1 Zack Hamill Chris Thorburn 60 1 2 2
2 Gustav Nyquist James Wright 40 1 2 2
4 vs 4 Defense
Defense Defense Time % Phy DF OF
1 Zbynek Michalek Eric Gelinas 60 1 2 2
2 Tomas Kundratek Marco Scandella 40 1 2 2
Last Minutes Offensive
Center Left Wing Right Wing Defense Defense
Zack Hamill Nathan Gerbe Chris Thorburn Zbynek Michalek Marco Scandella
Last Minutes Defensive
Center Left Wing Right Wing Defense Defense
James Wright Nathan Gerbe Chris Thorburn Zbynek Michalek Eric Gelinas
Goaltenders
Starting : Dany Sabourin
Backup : Jean-Francois Berube
Extra Forwards
Normal : Chris Thorburn, Zack Hamill, Gustav Nyquist - PP : Chris Thorburn, Gustav Nyquist - PK : Gustav Nyquist
Extra Defensemen
Normal : Marco Scandella, Eric Gelinas, Tomas Kundratek - PP : Marco Scandella - PK : Eric Gelinas, Tomas Kundratek
Penalty Shots
Chris Thorburn, Gustav Nyquist, Zack Hamill, James Wright, Nathan Gerbe
% Time on Ice - Tamiflu
Lines # - Real PCT - Wanted PCT - Time Play
Normal Forward
1 - 31% - 40% - 17:22
2 - 30% - 30% - 16:50
3 - 22% - 20% - 12:16
4 - 16% - 10% - 9:00
Normal Defense
1 - 35% - 40% - 19:14
2 - 31% - 30% - 17:28
3 - 24% - 20% - 13:25
4 - 10% - 10% - 5:21
PP Forward
1 - 32% - 60% - 0:11
2 - 68% - 40% - 0:23
PP Defense
1 - 47% - 60% - 0:16
2 - 53% - 40% - 0:18
PK Forward
1 - 79% - 60% - 1:56
2 - 21% - 40% - 0:30
PK Defense
1 - 77% - 60% - 1:53
2 - 23% - 40% - 0:33
PK3 Forward
1 - 0% - 60%
2 - 0% - 40%
PK3 Defense
1 - 0% - 60%
2 - 0% - 40%
44 Forward
1 - 79% - 60% - 1:13
2 - 21% - 40% - 0:19
44 Defense
1 - 70% - 60% - 1:04
2 - 30% - 40% - 0:28
Last Minute Offensive - 0:00
Last Minute Defensive - 0:00
Total
Forward - 60:00
Defense - 60:00
|
% Time on Ice - Knights
Lines # - Real PCT - Wanted PCT - Time Play
Normal Forward
1 - 32% - 36% - 17:58
2 - 28% - 33% - 15:32
3 - 23% - 22% - 12:34
4 - 17% - 9% - 9:24
Normal Defense
1 - 38% - 40% - 20:50
2 - 30% - 30% - 16:40
3 - 26% - 20% - 14:13
4 - 7% - 10% - 3:45
PP Forward
1 - 64% - 60% - 1:34
2 - 36% - 40% - 0:52
PP Defense
1 - 71% - 60% - 1:44
2 - 29% - 40% - 0:42
PK Forward
1 - 100% - 60% - 0:34
2 - 0% - 40% - 0:00
PK Defense
1 - 97% - 60% - 0:33
2 - 3% - 40% - 0:01
PK3 Forward
1 - 0% - 60%
2 - 0% - 40%
PK3 Defense
1 - 0% - 60%
2 - 0% - 40%
44 Forward
1 - 100% - 60% - 1:32
2 - 0% - 40% - 0:00
44 Defense
1 - 30% - 60% - 0:28
2 - 70% - 40% - 1:04
Last Minute Offensive - 0:00
Last Minute Defensive - 0:00
Total
Forward - 60:00
Defense - 60:00
|
Play by Play
1st period
0:01 of 1st period - Nate Thompson wins face-off versus Zack Hamill in neutral zone.
0:06 of 1st period - Snap shot by Nate Thompson.
0:06 of 1st period - Stopped by Dany Sabourin with a rebound.
0:37 of 1st period - Backhand shot by Greg Mauldin.
0:37 of 1st period - Stopped by Dany Sabourin without a rebound.
0:38 of 1st period - Joe Colborne wins face-off versus Adam Henrique in Knights zone.
0:40 of 1st period - Minor Penalty to Gustav Nyquist for Boarding.
0:41 of 1st period - James Wright wins face-off versus Alex Picard in Knights zone.
0:45 of 1st period - Wrist shot by Alex Picard.
0:45 of 1st period - Shot Blocked by Zbynek Michalek.
0:47 of 1st period - Slapshot by Jonathan Sigalet.
0:47 of 1st period - Goal by Jonathan Sigalet - Tamiflu : 1 - Knights : 0.
0:48 of 1st period - Adam Henrique wins face-off versus Joe Colborne in neutral zone.
1:01 of 1st period - Slapshot by Joe Colborne.
1:01 of 1st period - Deflect By Michael Raffl.
1:01 of 1st period - Shot Misses the Net.
1:01 of 1st period - Puck is out of play.
1:02 of 1st period - A.J. Jenks wins face-off versus Colin Greening in Tamiflu zone.
1:11 of 1st period - Snap shot by A.J. Jenks.
1:11 of 1st period - Shot Misses the Net.
1:13 of 1st period - Backhand shot by Tomas Kundratek.
1:13 of 1st period - Stopped by Mike McKenna with a rebound.
2:12 of 1st period - Off-side.
2:13 of 1st period - Joe Colborne wins face-off versus Greg Mauldin in neutral zone.
2:32 of 1st period - Eric Gelinas is hit by Jan Mursak.
3:04 of 1st period - Philip Samuelsson is hit by Joe Colborne and loses puck.
3:24 of 1st period - Snap shot by Gustav Nyquist.
3:24 of 1st period - Stopped by Mike McKenna without a rebound.
3:25 of 1st period - Nate Thompson wins face-off versus Alex Chiasson in Tamiflu zone.
3:39 of 1st period - Wrist shot by Zbynek Michalek.
3:39 of 1st period - Shot Misses the Net.
3:41 of 1st period - Snap shot by Alex Chiasson.
3:41 of 1st period - Stopped by Mike McKenna without a rebound.
3:42 of 1st period - Zack Hamill wins face-off versus Rich Clune in Tamiflu zone.
3:47 of 1st period - Wrist shot by Kyle Greentree.
3:47 of 1st period - Stopped by Mike McKenna with a rebound.
4:32 of 1st period - Wrist shot by Mattias Tedenby.
4:32 of 1st period - Stopped by Dany Sabourin with a rebound.
5:13 of 1st period - Snap shot by Philip Varone.
5:13 of 1st period - Stopped by Mike McKenna without a rebound.
5:14 of 1st period - Zack Hamill wins face-off versus Adam Henrique in Tamiflu zone.
5:41 of 1st period - Snap shot by Nathan Gerbe.
5:41 of 1st period - Deflect By Alex Chiasson.
5:41 of 1st period - Stopped by Mike McKenna with a rebound.
5:43 of 1st period - Wrist shot by Alex Chiasson.
5:43 of 1st period - Stopped by Mike McKenna with a rebound.
5:45 of 1st period - Snap shot by Nicklas Grossman.
5:45 of 1st period - Deflect By Nathan Gerbe.
5:45 of 1st period - Stopped by Mike McKenna with a rebound.
5:47 of 1st period - Backhand shot by James Wright.
5:47 of 1st period - Stopped by Mike McKenna without a rebound.
5:48 of 1st period - Nate Thompson wins face-off versus Nathan Gerbe in Tamiflu zone.
5:48 of 1st period - Nate Thompson is hit by Alex Chiasson.
5:56 of 1st period - Snap shot by Alex Chiasson.
5:56 of 1st period - Shot Misses the Net.
5:58 of 1st period - Slapshot by James Wright.
5:58 of 1st period - Deflect By Nathan Gerbe.
5:58 of 1st period - Stopped by Mike McKenna with a rebound.
6:00 of 1st period - Snap shot by James Wright.
6:00 of 1st period - Shot Blocked by Nate Thompson.
6:02 of 1st period - Slapshot by Garnet Exelby.
6:02 of 1st period - Stopped by Mike McKenna with a rebound.
6:04 of 1st period - Slapshot by Marco Scandella.
6:04 of 1st period - Shot Hit the Post.
6:14 of 1st period - Kyle Greentree is hit by Mike Duco and loses puck.
6:19 of 1st period - Snap shot by Adam Henrique.
6:19 of 1st period - Stopped by Dany Sabourin with a rebound.
6:39 of 1st period - Slapshot by Garnet Exelby.
6:39 of 1st period - Stopped by Mike McKenna with a rebound.
6:41 of 1st period - Slapshot by Marco Scandella.
6:41 of 1st period - Deflect By Jonathan Sigalet.
6:41 of 1st period - Stopped by Mike McKenna with a rebound.
6:43 of 1st period - Slapshot by Garnet Exelby.
6:43 of 1st period - Deflect By Michael Raffl.
6:43 of 1st period - Shot Blocked by Nathan Oystrick.
6:43 of 1st period - Puck is out of play.
6:44 of 1st period - Nate Thompson wins face-off versus James Wright in Tamiflu zone.
8:13 of 1st period - Off-side.
8:14 of 1st period - Nate Thompson wins face-off versus Nathan Gerbe in neutral zone.
8:17 of 1st period - Garnet Exelby is hit by Carson Mcmillan and loses puck.
8:22 of 1st period - Snap shot by Alex Picard.
8:22 of 1st period - Stopped by Dany Sabourin with a rebound.
8:24 of 1st period - Slapshot by Philip Samuelsson.
8:24 of 1st period - Stopped by Dany Sabourin with a rebound.
8:40 of 1st period - Wrist shot by Nathan Gerbe.
8:40 of 1st period - Shot Misses the Net.
8:42 of 1st period - Snap shot by Kyle Greentree.
8:42 of 1st period - Shot Misses the Net.
8:46 of 1st period - Snap shot by Chris Thorburn.
8:46 of 1st period - Deflect By Kyle Greentree.
8:46 of 1st period - Shot Misses the Net.
8:46 of 1st period - Puck is out of play.
8:47 of 1st period - Nate Thompson wins face-off versus Zack Hamill in Tamiflu zone.
9:12 of 1st period - Chris Thorburn is hit by Adam Henrique and loses puck.
9:50 of 1st period - Wrist shot by Chris Thorburn.
9:50 of 1st period - Shot Misses the Net.
9:52 of 1st period - Slapshot by Zbynek Michalek.
9:52 of 1st period - Stopped by Mike McKenna with a rebound.
9:54 of 1st period - Wrist shot by Chris Thorburn.
9:54 of 1st period - Stopped by Mike McKenna with a rebound.
9:56 of 1st period - Snap shot by Chris Thorburn.
9:56 of 1st period - Shot Misses the Net.
10:14 of 1st period - Slapshot by Kyle Greentree.
10:14 of 1st period - Shot Misses the Net.
10:16 of 1st period - Snap shot by Zbynek Michalek.
10:16 of 1st period - Stopped by Mike McKenna without a rebound.
10:17 of 1st period - Alex Chiasson wins face-off versus Nate Thompson in Tamiflu zone.
10:20 of 1st period - Snap shot by Alex Chiasson.
10:20 of 1st period - Deflect By Nathan Gerbe.
10:20 of 1st period - Shot Blocked by Carson Mcmillan.
10:20 of 1st period - Puck is out of play.
10:21 of 1st period - Nate Thompson wins face-off versus James Wright in Tamiflu zone.
10:26 of 1st period - Garnet Exelby is hit by Nathan Oystrick and loses puck.
10:37 of 1st period - Wrist shot by Nate Thompson.
10:37 of 1st period - Goal by Nate Thompson - Tamiflu : 2 - Knights : 0.
10:38 of 1st period - Nate Thompson wins face-off versus Alex Chiasson in neutral zone.
10:41 of 1st period - Snap shot by Nate Thompson.
10:41 of 1st period - Shot Misses the Net.
10:43 of 1st period - Wrist shot by Jonathan Sigalet.
10:43 of 1st period - Stopped by Dany Sabourin without a rebound.
10:44 of 1st period - Alex Picard wins face-off versus James Wright in Knights zone.
11:41 of 1st period - Slapshot by Kyle Greentree.
11:41 of 1st period - Stopped by Mike McKenna with a rebound.
11:43 of 1st period - Snap shot by Chris Thorburn.
11:43 of 1st period - Stopped by Mike McKenna without a rebound.
11:44 of 1st period - Nate Thompson wins face-off versus James Wright in Tamiflu zone.
11:49 of 1st period - Wrist shot by Nate Thompson.
11:49 of 1st period - Shot Misses the Net.
11:51 of 1st period - Slapshot by Cody Goloubef.
11:51 of 1st period - Shot Misses the Net.
11:53 of 1st period - Snap shot by Carson Mcmillan.
11:53 of 1st period - Shot Misses the Net.
13:39 of 1st period - Slapshot by Greg Mauldin.
13:39 of 1st period - Shot Misses the Net.
14:07 of 1st period - Jonathan Sigalet is hit by Joe Colborne and loses puck.
14:53 of 1st period - Snap shot by Alex Picard.
14:53 of 1st period - Stopped by Dany Sabourin with a rebound.
15:13 of 1st period - Nathan Oystrick is hit by Chris Thorburn and loses puck.
15:27 of 1st period - Snap shot by Mike Duco.
15:27 of 1st period - Shot Blocked by Marco Scandella.
15:51 of 1st period - Colin Greening is hit by Nathan Gerbe and loses puck.
16:21 of 1st period - Tomas Kundratek is hit by Colin Greening and loses puck.
16:42 of 1st period - Wrist shot by Mattias Tedenby.
16:42 of 1st period - Deflect By Carson Mcmillan.
16:42 of 1st period - Stopped by Dany Sabourin with a rebound.
16:59 of 1st period - Garnet Exelby is hit by Kyle Lawson and loses puck.
17:08 of 1st period - Slapshot by Petr Pohl.
17:08 of 1st period - Deflect By Marco Scandella.
17:08 of 1st period - Shot Misses the Net.
17:08 of 1st period - Puck is out of play.
17:09 of 1st period - Greg Mauldin wins face-off versus James Wright in Knights zone.
17:10 of 1st period - Wrist shot by Petr Pohl.
17:10 of 1st period - Stopped by Dany Sabourin with a rebound.
17:20 of 1st period - Garnet Exelby is hit by Petr Pohl and loses puck.
18:02 of 1st period - Snap shot by Mike Duco.
18:02 of 1st period - Shot Misses the Net.
18:10 of 1st period - Slapshot by Marco Scandella.
18:10 of 1st period - Deflect By Gustav Nyquist.
18:10 of 1st period - Goal by Gustav Nyquist - Tamiflu : 2 - Knights : 1.
18:11 of 1st period - Carson Mcmillan wins face-off versus James Wright in neutral zone.
18:21 of 1st period - Nathan Oystrick is hit by Alex Chiasson and loses puck.
18:36 of 1st period - Zbynek Michalek is hit by Nathan Oystrick and loses puck.
18:45 of 1st period - Snap shot by Chris Thorburn.
18:45 of 1st period - Stopped by Mike McKenna with a rebound.
18:59 of 1st period - Aaron Palushaj is hit by Rich Clune and loses puck.
19:06 of 1st period - Snap shot by Adam Henrique.
19:06 of 1st period - Stopped by Dany Sabourin without a rebound.
19:07 of 1st period - Nate Thompson wins face-off versus James Wright in Knights zone.
19:13 of 1st period - Off-side.
19:14 of 1st period - Carson Mcmillan wins face-off versus James Wright in neutral zone.
19:19 of 1st period - Wrist shot by Nathan Gerbe.
19:19 of 1st period - Shot Misses the Net.
19:21 of 1st period - Slapshot by Eric Gelinas.
19:21 of 1st period - Shot Misses the Net.
19:23 of 1st period - Snap shot by Nathan Gerbe.
19:23 of 1st period - Stopped by Mike McKenna without a rebound.
19:24 of 1st period - Zack Hamill wins face-off versus Nate Thompson in Tamiflu zone.
19:37 of 1st period - Zbynek Michalek is hit by Nathan Oystrick.
19:57 of 1st period - Slapshot by Jonathan Sigalet.
19:57 of 1st period - Stopped by Dany Sabourin with a rebound.
Goals for this period are 2 for Tamiflu vs 1 for Knights.
Shots for this period are 14 for Tamiflu vs 21 for Knights.
2nd period
0:01 of 2nd period - Zack Hamill wins face-off versus Nate Thompson in neutral zone.
0:38 of 2nd period - Slapshot by Zbynek Michalek.
0:38 of 2nd period - Deflect By Nathan Gerbe.
0:38 of 2nd period - Stopped by Mike McKenna with a rebound.
0:40 of 2nd period - Slapshot by Zbynek Michalek.
0:40 of 2nd period - Shot Hit the Post.
0:54 of 2nd period - Marco Scandella is hit by Mike Duco and loses puck.
1:25 of 2nd period - Philip Samuelsson is hit by A.J. Jenks and loses puck.
1:54 of 2nd period - Stefan Elliott is hit by James Wright and loses puck.
2:05 of 2nd period - Zbynek Michalek is hit by Cody Goloubef and loses puck.
2:10 of 2nd period - Wrist shot by Adam Henrique.
2:10 of 2nd period - Shot Misses the Net.
2:16 of 2nd period - Mike Duco is hit by Zbynek Michalek and loses puck.
3:48 of 2nd period - Backhand shot by Alex Chiasson.
3:48 of 2nd period - Goal by Alex Chiasson - Tamiflu : 2 - Knights : 2.
3:49 of 2nd period - Chris Thorburn wins face-off versus Nate Thompson in neutral zone.
4:00 of 2nd period - Wrist shot by Chris Thorburn.
4:00 of 2nd period - Stopped by Mike McKenna without a rebound.
4:01 of 2nd period - Nate Thompson wins face-off versus James Wright in Tamiflu zone.
4:01 of 2nd period - Nate Thompson is hit by James Wright.
4:04 of 2nd period - Minor Penalty to Jonathan Sigalet for Roughing.
4:05 of 2nd period - Nate Thompson wins face-off versus Zack Hamill in Tamiflu zone.
5:52 of 2nd period - Kyle Lawson is hit by Marco Scandella and loses puck.
6:04 of 2nd period - Penalty to Jonathan Sigalet is over, Jonathan Sigalet is back on ice.
6:28 of 2nd period - Eric Gelinas is hit by Mike Duco and loses puck.
7:19 of 2nd period - Icing by Gustav Nyquist.
7:20 of 2nd period - Michael Raffl wins face-off versus Greg Mauldin in Knights zone.
7:48 of 2nd period - Snap shot by Alex Picard.
7:48 of 2nd period - Shot Blocked by Zack Hamill.
8:08 of 2nd period - Snap shot by Colin Greening.
8:08 of 2nd period - Shot Blocked by A.J. Jenks.
9:07 of 2nd period - Chris Thorburn is hit by Nate Thompson and loses puck.
9:12 of 2nd period - Wrist shot by Alex Picard.
9:12 of 2nd period - Shot Blocked by Eric Gelinas.
9:26 of 2nd period - A.J. Jenks is hit by Mike Duco and loses puck.
9:54 of 2nd period - James Wright is hit by Greg Mauldin and loses puck.
10:01 of 2nd period - Jan Mursak is hit by Tomas Kundratek and loses puck.
10:05 of 2nd period - Icing by Greg Mauldin.
10:06 of 2nd period - Greg Mauldin wins face-off versus Zack Hamill in Tamiflu zone.
10:06 of 2nd period - Greg Mauldin is hit by Zack Hamill.
10:18 of 2nd period - Wrist shot by Kyle Greentree.
10:18 of 2nd period - Stopped by Mike McKenna with a rebound.
10:20 of 2nd period - Wrist shot by Zack Hamill.
10:20 of 2nd period - Stopped by Mike McKenna without a rebound.
10:21 of 2nd period - Nate Thompson wins face-off versus James Wright in Tamiflu zone.
10:45 of 2nd period - Off-side.
10:46 of 2nd period - Kyle Greentree wins face-off versus Adam Henrique in neutral zone.
10:49 of 2nd period - Rich Clune is hit by Kyle Greentree and loses puck.
11:12 of 2nd period - Alex Picard is hit by Alex Chiasson and loses puck.
11:29 of 2nd period - Nate Thompson is hit by Nathan Gerbe and loses puck.
12:02 of 2nd period - Slapshot by Alex Chiasson.
12:02 of 2nd period - Deflect By Alex Picard.
12:02 of 2nd period - Shot Misses the Net.
12:02 of 2nd period - Puck is out of play.
12:03 of 2nd period - Zack Hamill wins face-off versus Greg Mauldin in Tamiflu zone.
12:28 of 2nd period - Adam Henrique is hit by Michael Raffl and loses puck.
12:37 of 2nd period - Wrist shot by Joe Colborne.
12:37 of 2nd period - Stopped by Mike McKenna without a rebound.
12:38 of 2nd period - Greg Mauldin wins face-off versus Zack Hamill in Tamiflu zone.
12:38 of 2nd period - Greg Mauldin is hit by Zack Hamill.
12:41 of 2nd period - Kyle Lawson is hit by Tomas Kundratek and loses puck.
13:24 of 2nd period - Alex Picard is hit by Alex Chiasson and loses puck.
13:51 of 2nd period - Slapshot by Zbynek Michalek.
13:51 of 2nd period - Stopped by Mike McKenna without a rebound.
13:52 of 2nd period - Zack Hamill wins face-off versus Greg Mauldin in Tamiflu zone.
14:05 of 2nd period - Slapshot by Jonathan Sigalet.
14:05 of 2nd period - Stopped by Dany Sabourin with a rebound.
14:19 of 2nd period - Marco Scandella is hit by Alex Picard and loses puck.
15:13 of 2nd period - Icing by Nathan Oystrick.
15:14 of 2nd period - Greg Mauldin wins face-off versus Zack Hamill in Tamiflu zone.
15:22 of 2nd period - Nathan Oystrick is hit by Tomas Kundratek and loses puck.
15:35 of 2nd period - Nathan Oystrick is hit by Zack Hamill and loses puck.
15:39 of 2nd period - Icing by Jonathan Sigalet.
15:40 of 2nd period - James Wright wins face-off versus Greg Mauldin in Tamiflu zone.
15:53 of 2nd period - Snap shot by Petr Pohl.
15:53 of 2nd period - Stopped by Dany Sabourin without a rebound.
15:54 of 2nd period - Zack Hamill wins face-off versus Nate Thompson in Knights zone.
15:54 of 2nd period - Zack Hamill is hit by Nate Thompson.
16:42 of 2nd period - Wrist shot by Greg Mauldin.
16:42 of 2nd period - Shot Misses the Net.
17:09 of 2nd period - Wrist shot by Philip Samuelsson.
17:09 of 2nd period - Shot Blocked by Nicklas Grossman.
17:11 of 2nd period - Slapshot by Philip Samuelsson.
17:11 of 2nd period - Stopped by Dany Sabourin with a rebound.
17:41 of 2nd period - Alex Chiasson is hit by Mike Duco and loses puck.
18:25 of 2nd period - Backhand shot by Mattias Tedenby.
18:25 of 2nd period - Stopped by Dany Sabourin with a rebound.
18:27 of 2nd period - Slapshot by Jonathan Sigalet.
18:27 of 2nd period - Stopped by Dany Sabourin with a rebound.
18:29 of 2nd period - Snap shot by Garrett Wilson.
18:29 of 2nd period - Stopped by Dany Sabourin without a rebound.
18:30 of 2nd period - Zack Hamill wins face-off versus Nate Thompson in Knights zone.
18:44 of 2nd period - Slapshot by Nate Thompson.
18:44 of 2nd period - Stopped by Dany Sabourin without a rebound.
18:45 of 2nd period - James Wright wins face-off versus Greg Mauldin in Knights zone.
18:45 of 2nd period - James Wright is hit by Petr Pohl.
19:11 of 2nd period - Zbynek Michalek is hit by Nate Thompson.
19:52 of 2nd period - Snap shot by Mattias Tedenby.
19:52 of 2nd period - Stopped by Dany Sabourin with a rebound.
19:54 of 2nd period - Slapshot by Jonathan Sigalet.
19:54 of 2nd period - Shot Misses the Net.
19:56 of 2nd period - Slapshot by Nathan Oystrick.
19:56 of 2nd period - Deflect By Mattias Tedenby.
19:56 of 2nd period - Stopped by Dany Sabourin with a rebound.
19:58 of 2nd period - Snap shot by Mattias Tedenby.
19:58 of 2nd period - Stopped by Dany Sabourin with a rebound.
Goals for this period are 0 for Tamiflu vs 1 for Knights.
Shots for this period are 10 for Tamiflu vs 7 for Knights.
3rd period
0:01 of 3rd period - Zack Hamill wins face-off versus Nate Thompson in neutral zone.
0:31 of 3rd period - Wrist shot by Greg Mauldin.
0:31 of 3rd period - Shot Blocked by Marco Scandella.
0:33 of 3rd period - Slapshot by Jonathan Sigalet.
0:33 of 3rd period - Shot Misses the Net.
0:35 of 3rd period - Slapshot by Jonathan Sigalet.
0:35 of 3rd period - Stopped by Dany Sabourin without a rebound.
0:36 of 3rd period - Nate Thompson wins face-off versus Joe Colborne in Knights zone.
1:11 of 3rd period - Wrist shot by Adam Henrique.
1:11 of 3rd period - Shot Blocked by Marco Scandella.
1:13 of 3rd period - Snap shot by Rich Clune.
1:13 of 3rd period - Shot Blocked by Garnet Exelby.
1:15 of 3rd period - Slapshot by Adam Henrique.
1:15 of 3rd period - Deflect By Rich Clune.
1:15 of 3rd period - Stopped by Dany Sabourin with a rebound.
3:08 of 3rd period - Chris Thorburn is hit by Colin Greening and loses puck.
3:17 of 3rd period - Snap shot by Mattias Tedenby.
3:17 of 3rd period - Stopped by Dany Sabourin with a rebound.
3:35 of 3rd period - Tomas Kundratek is hit by Teigan Zahn and loses puck.
4:12 of 3rd period - Wrist shot by Joe Colborne.
4:12 of 3rd period - Shot Misses the Net.
4:50 of 3rd period - Slapshot by Carson Mcmillan.
4:50 of 3rd period - Deflect By James Wright.
4:50 of 3rd period - Stopped by Dany Sabourin with a rebound.
5:02 of 3rd period - Backhand shot by Zbynek Michalek.
5:02 of 3rd period - Stopped by Mike McKenna with a rebound.
5:04 of 3rd period - Wrist shot by Philip Varone.
5:04 of 3rd period - Shot Misses the Net.
5:06 of 3rd period - Snap shot by A.J. Jenks.
5:06 of 3rd period - Shot Misses the Net.
5:32 of 3rd period - Wrist shot by Gustav Nyquist.
5:32 of 3rd period - Shot Misses the Net.
5:42 of 3rd period - Kyle Lawson is hit by Chris Thorburn.
7:18 of 3rd period - Marco Scandella is hit by Garrett Wilson and loses puck.
7:44 of 3rd period - Zbynek Michalek is hit by Philip Samuelsson and loses puck.
7:55 of 3rd period - Snap shot by Cody Goloubef.
7:55 of 3rd period - Deflect By Garrett Wilson.
7:55 of 3rd period - Stopped by Dany Sabourin with a rebound.
7:57 of 3rd period - Wrist shot by Colin Greening.
7:57 of 3rd period - Shot Misses the Net.
7:59 of 3rd period - Slapshot by Teigan Zahn.
7:59 of 3rd period - Stopped by Dany Sabourin without a rebound.
8:00 of 3rd period - Zack Hamill wins face-off versus Nate Thompson in Knights zone.
8:15 of 3rd period - Off-side.
8:16 of 3rd period - Greg Mauldin wins face-off versus James Wright in neutral zone.
8:18 of 3rd period - Off-side.
8:19 of 3rd period - James Wright wins face-off versus Greg Mauldin in neutral zone.
9:14 of 3rd period - Slapshot by Zbynek Michalek.
9:14 of 3rd period - Deflect By Mike Duco.
9:14 of 3rd period - Goal by Zbynek Michalek - Tamiflu : 2 - Knights : 3.
9:15 of 3rd period - Zack Hamill wins face-off versus Carson Mcmillan in neutral zone.
9:40 of 3rd period - Nathan Gerbe is hit by Greg Mauldin and loses puck.
10:08 of 3rd period - Snap shot by Mike Duco.
10:08 of 3rd period - Stopped by Dany Sabourin with a rebound.
10:28 of 3rd period - Snap shot by Colin Greening.
10:28 of 3rd period - Deflect By Garrett Wilson.
10:28 of 3rd period - Stopped by Dany Sabourin without a rebound.
10:29 of 3rd period - Nate Thompson wins face-off versus Zack Hamill in Knights zone.
10:54 of 3rd period - James Wright is hit by Jan Mursak and loses puck.
11:39 of 3rd period - Rich Clune is hit by Marco Scandella and loses puck.
12:00 of 3rd period - Wrist shot by Nathan Gerbe.
12:00 of 3rd period - Stopped by Mike McKenna with a rebound.
12:02 of 3rd period - Backhand shot by Tomas Kundratek.
12:02 of 3rd period - Stopped by Mike McKenna with a rebound.
12:04 of 3rd period - Snap shot by Nathan Gerbe.
12:04 of 3rd period - Stopped by Mike McKenna with a rebound.
12:25 of 3rd period - Snap shot by Adam Henrique.
12:25 of 3rd period - Shot Misses the Net.
12:27 of 3rd period - Snap shot by Mike Duco.
12:27 of 3rd period - Stopped by Dany Sabourin with a rebound.
12:37 of 3rd period - Snap shot by Adam Henrique.
12:37 of 3rd period - Shot Misses the Net.
12:39 of 3rd period - Slapshot by Adam Henrique.
12:39 of 3rd period - Stopped by Dany Sabourin without a rebound.
12:40 of 3rd period - Gustav Nyquist wins face-off versus Nate Thompson in Knights zone.
12:40 of 3rd period - Gustav Nyquist is hit by Nate Thompson.
13:34 of 3rd period - Garnet Exelby is hit by Garrett Wilson and loses puck.
13:50 of 3rd period - Wrist shot by Nate Thompson.
13:50 of 3rd period - Stopped by Dany Sabourin with a rebound.
14:03 of 3rd period - Garnet Exelby is hit by Teigan Zahn and loses puck.
14:12 of 3rd period - Snap shot by Joe Colborne.
14:12 of 3rd period - Shot Blocked by Petr Pohl.
14:30 of 3rd period - Snap shot by Zack Hamill.
14:30 of 3rd period - Goal by Zack Hamill - Tamiflu : 2 - Knights : 4.
14:31 of 3rd period - Zack Hamill wins face-off versus Nate Thompson in neutral zone.
14:44 of 3rd period - Snap shot by Carson Mcmillan.
14:44 of 3rd period - Deflect By Alex Picard.
14:44 of 3rd period - Stopped by Dany Sabourin with a rebound.
15:03 of 3rd period - Icing by Greg Mauldin.
15:04 of 3rd period - Petr Pohl wins face-off versus Joe Colborne in Tamiflu zone.
15:29 of 3rd period - Off-side.
15:30 of 3rd period - Nate Thompson wins face-off versus Zack Hamill in neutral zone.
15:33 of 3rd period - Snap shot by Jonathan Sigalet.
15:33 of 3rd period - Stopped by Dany Sabourin with a rebound.
15:35 of 3rd period - Snap shot by Jonathan Sigalet.
15:35 of 3rd period - Stopped by Dany Sabourin with a rebound.
15:46 of 3rd period - Off-side.
15:47 of 3rd period - Joe Colborne wins face-off versus Greg Mauldin in neutral zone.
15:54 of 3rd period - Wrist shot by Gustav Nyquist.
15:54 of 3rd period - Shot Misses the Net.
15:56 of 3rd period - Wrist shot by Garnet Exelby.
15:56 of 3rd period - Shot Blocked by Nathan Oystrick.
15:58 of 3rd period - Backhand shot by Gustav Nyquist.
15:58 of 3rd period - Stopped by Mike McKenna with a rebound.
16:00 of 3rd period - Wrist shot by Joe Colborne.
16:00 of 3rd period - Stopped by Mike McKenna without a rebound.
16:01 of 3rd period - Nate Thompson wins face-off versus Zack Hamill in Tamiflu zone.
16:01 of 3rd period - Nate Thompson is hit by Eric Gelinas.
16:36 of 3rd period - Wrist shot by Petr Pohl.
16:36 of 3rd period - Stopped by Dany Sabourin without a rebound.
16:37 of 3rd period - James Wright wins face-off versus Nate Thompson in Knights zone.
17:02 of 3rd period - Zack Hamill is hit by Petr Pohl and loses puck.
17:09 of 3rd period - Slapshot by Garnet Exelby.
17:09 of 3rd period - Shot Blocked by Kyle Lawson.
17:11 of 3rd period - Snap shot by Chris Thorburn.
17:11 of 3rd period - Goal by Chris Thorburn - Tamiflu : 2 - Knights : 5.
17:12 of 3rd period - Nate Thompson wins face-off versus James Wright in neutral zone.
17:14 of 3rd period - Minor Penalty to Nathan Oystrick for High sticking.
17:15 of 3rd period - Alex Chiasson wins face-off versus Nate Thompson in Tamiflu zone.
17:15 of 3rd period - Wrist shot by Zack Hamill.
17:15 of 3rd period - Stopped by Mike McKenna without a rebound.
17:16 of 3rd period - Zack Hamill wins face-off versus Nate Thompson in Tamiflu zone.
17:41 of 3rd period - Minor Penalty to Chris Thorburn for Hooking.
17:42 of 3rd period - Zack Hamill wins face-off versus Nate Thompson in Knights zone.
18:15 of 3rd period - Nate Thompson is hit by Tomas Kundratek and loses puck.
19:14 of 3rd period - Penalty to Nathan Oystrick is over, Nathan Oystrick is back on ice.
19:31 of 3rd period - Slapshot by Greg Mauldin.
19:31 of 3rd period - Stopped by Dany Sabourin without a rebound.
19:32 of 3rd period - James Wright wins face-off versus Greg Mauldin in Knights zone.
19:41 of 3rd period - Penalty to Chris Thorburn is over, Chris Thorburn is back on ice.
Goals for this period are 0 for Tamiflu vs 3 for Knights.
Shots for this period are 16 for Tamiflu vs 10 for Knights.
Output by the SimonT Hockey Simulator (STHS) for François Prévost -- Original Page W3C XHTML 1.0 Valid